[Event "121st Swiss Championship 2022"]
[Site "Samnaun-Compatsch"]
[Date "2022.07.06"]
[Round "3.10"]
[White "Pogan, Nikolas"]
[Black "Kuenzli, Simon"]
[Result "1-0"]
[ECO "D11"]
[WhiteElo "2226"]
[BlackElo "1949"]
[Annotator "TA"]
[PlyCount "67"]
[EventDate "2022.06.28"]
[EventType "swiss"]
[EventCountry "SUI"]
[SourceTitle "playchess.com"]
[Source "ChessBase"]
[SourceQuality "1"]
[TimeControl "40/5400+30:1800+30"]

1. d4 d5 2. c4 c6 3. Nf3 Nf6 4. g3 Bf5 5. Qb3 Qb6 6. Nc3 {[%emt 0:00:11][%cal Rc4d5] D11: Slav Defence: 3 Nf3 sidelines and 3...Nf6 4 e3 Bg4.} e6 7. c5 Qc7 8. Bf4 {[%emt 0:05:42] White is slightly better.} Qc8 9. Nh4 Be7 10. Nxf5 exf5 11. Bg2 {[%emt 0:01:36] White is more active.} (11. Bh3 $16) 11... O-O 12. O-O Re8 {[%emt 0:03:50] [#]} 13. f3 $146 ({Predecessor:} 13. Qc2 Bf8 14. b4 Qe6 15. a4 Ne4 16. Rfe1 Nd7 17. b5 Ndf6 18. f3 Nxc3 19. Qxc3 {1-0 (75) Iurk,J-Carvalho,I Curitiba 2009}) 13... Nbd7 14. Bh3 g6 15. e4 dxe4 $2 (15... fxe4 $11 16. fxe4 Nxc5 17. Bxc8 Nxb3 18. Bxb7 (18. axb3 Rexc8 19. Bg5 Kg7 $17) 18... Nxa1 19. Rxa1 dxe4 $1) 16. fxe4 $16 Nh5 {[%emt 0:23:00] [#]} (16... Nxe4 $2 17. Nxe4 Nf6 18. Nxf6+ Bxf6 19. Rad1 $18) (16... Nxc5 $16 17. dxc5 Bxc5+ 18. Kh1 Nxe4) 17. Be3 ({Less strong is} 17. exf5 Nxf4 18. Rxf4 g5 $16) (17. Bh6 $1 $18) 17... Ng7 (17... f4 $16 {might work better.}) 18. g4 Nf6 $2 (18... f4 $16) 19. gxf5 $18 gxf5 20. e5 ({But not} 20. Bxf5 Nxf5 21. Rxf5 Nxe4 22. Qxf7+ Kh8) 20... Nfh5 21. Rf3 Qe6 22. Qc2 ({Better is} 22. Kh1 $18) 22... Qg6+ $16 23. Kh1 f4 24. Qxg6 hxg6 25. Bxf4 Nxf4 26. Rxf4 Bg5 (26... Nh5 $16 27. Rf3 Rad8) 27. Rf3 Rad8 28. Ne4 Bh4 29. Nd6 Re7 30. Raf1 Rf8 31. b4 Bg5 32. a4 Bd2 33. b5 Nh5 34. Bg4 {[%emt 0:00:27] Weighted Error Value: White=0.22 (precise) /Black=0.47} 1-0

[Event "121st Swiss Championship 2022"]
[Site "Samnaun-Compatsch"]
[Date "2022.07.06"]
[Round "3.11"]
[White "Bex, Pierre-Alain"]
[Black "Angst, Oliver"]
[Result "0-1"]
[ECO "B32"]
[WhiteElo "2189"]
[BlackElo "2203"]
[Annotator "TA"]
[PlyCount "98"]
[EventDate "2022.06.28"]
[EventType "swiss"]
[EventCountry "SUI"]
[SourceTitle "playchess.com"]
[Source "ChessBase"]
[SourceQuality "1"]
[TimeControl "40/5400+30:1800+30"]

1. e4 c5 2. Nf3 Nc6 3. d4 cxd4 4. Nxd4 e5 5. Nb5 a6 6. Nd6+ Bxd6 7. Qxd6 Qe7 8. Qxe7+ Ngxe7 9. c3 {[%emt 0:00:27] B32: Sicilian: Löwenthal and Kalashnikov Variations.} d5 10. exd5 Nxd5 11. Nd2 {[%emt 0:07:14] The position is equal.} Be6 12. g3 {[%emt 0:09:37] [#]} O-O-O $146 ({Predecessor:} 12... f5 13. Bg2 O-O 14. O-O Rad8 15. Re1 Rfe8 16. Nb3 h6 17. Nc5 Bc8 18. a3 Na5 {½-½ (44) Perestjuk,M (2174)-Fluechter,G (2162) Osnabrueck 2015}) 13. Nc4 h6 14. a4 Rhe8 15. Be2 Nf4 16. gxf4 Bxc4 17. Bxc4 exf4+ {[%emt 0:00:07][%mdl 64] Discovered Attack} 18. Be2 $1 f3 {[%emt 0:00:08][%mdl 64] Pin} 19. Be3 fxe2 20. Kxe2 f5 {[%emt 0:00:08] Threatens to win with ...f4.} 21. Kf3 Ne5+ 22. Kg2 {[%emt 0:00:34] [#]} (22. Kg3 $15) 22... Re6 (22... Nc4 $1 $17 23. Bd4 Nxb2) 23. Rhd1 $11 Rg6+ 24. Kh1 Nd3 25. Rg1 Rxg1+ 26. Rxg1 $15 {[%emt 0:00:23][%mdl 4096] Endgame KRB-KRN} g5 27. b3 (27. h4 $15) 27... f4 {[%emt 0:02:45] Black is more active.} ({Better is} 27... Ne5 $17) 28. Bd4 $11 f3 {[%emt 0:00:31][%cal Od8d4] aiming for ...Rxd4!} 29. h3 Rd5 30. Kh2 Kd7 (30... Nf4 $11) 31. Kg3 $14 Ke6 32. Rd1 Nf4 33. Kxf3 Kf5 34. Rh1 (34. Re1 $5 ) 34... h5 35. Ke3 Rd6 {[%emt 0:01:19][%mdl 1024] Black has compensation.} 36. Kd2 $1 Re6 {[%emt 0:01:08] And now ...Re2+ would win.} 37. Be3 Rd6+ 38. Bd4 Re6 39. Be3 Rd6+ 40. Bd4 Ke4 41. h4 g4 42. Re1+ $1 Kf3 43. Re3+ $2 (43. Re7 $11) 43... Kxf2 $19 {[%emt 0:01:09] ...g3 is the strong threat.} 44. Re7+ Kf3 {[%emt 0:04:54] White must now prevent ...Ne6.} 45. Rxb7 g3 46. b4 $2 {[%emt 0:00:00][%mdl 8192] This move loses the game for White.} (46. Kc2 $17) 46... g2 {[%emt 0:02:18] Black is clearly winning.} 47. Rg7 Ng6 48. Kc2 {[%emt 0:00:00] [#]} Rxd4 $1 49. Rxg6 Rg4 {[%emt 0:00:06] Weighted Error Value: White=0.32/Black=0.11 (very precise)} 0-1

[Event "121st Swiss Championship 2022"]
[Site "Samnaun-Compatsch"]
[Date "2022.07.06"]
[Round "4.1"]
[White "Baenziger, Fabian"]
[Black "Gaehwiler, Gabriel"]
[Result "1-0"]
[ECO "A50"]
[WhiteElo "2451"]
[BlackElo "2420"]
[Annotator "TA"]
[PlyCount "79"]
[EventDate "2022.06.28"]
[EventType "swiss"]
[EventCountry "SUI"]
[SourceTitle "playchess.com"]
[Source "ChessBase"]
[SourceQuality "1"]
[TimeControl "40/5400+30:1800+30"]

1. d4 Nf6 2. c4 b6 3. Nc3 Bb7 4. Qc2 d5 5. cxd5 Nxd5 6. Nf3 e6 7. e4 {[%emt 0:02:00] A50: Queen's Fianchetto Defence (1 d4 Nf6 2 c4 b6).} Nb4 {[%emt 0:17:59] [#]} ({Better is} 7... Nxc3 $14 8. bxc3 Nd7) 8. Qa4+ $146 ({Predecessor:} 8. Qb3 c5 9. a3 cxd4 10. Bb5+ N4c6 11. Ne2 a6 12. Bd3 Be7 13. Bf4 O-O 14. Qc4 b5 {0-1 (39) Muenzenberg,D (1728)-Weidenhoefer,R (1696) Mittelfranken 2014}) 8... Qd7 9. Bb5 {[%emt 0:00:33] White is better.} c6 10. Be2 Be7 11. a3 N4a6 12. O-O O-O 13. Rd1 Nc7 14. Be3 Qe8 15. Rac1 {[%emt 0:05:17] White is much more active.} Nd7 16. Bf4 Qd8 17. h3 a6 18. Qb3 Rc8 19. a4 (19. Na4 $16) 19... b5 $1 $14 20. Na2 Ne8 21. Qc2 (21. axb5 cxb5 22. Qe3 Nef6 $11) (21. Nd2 $16) 21... Nef6 $11 22. Be3 c5 23. dxc5 {[%emt 0:00:21] Ne5 is the strong threat.} Bxe4 24. Qd2 bxa4 25. Bxa6 Rc7 {[%emt 0:01:44] aiming for ...Bxf3.} 26. Bb5 {[%emt 0:07:04] Black must now prevent c6.} Qc8 (26... Nd5 $15 {might be stronger.} 27. c6 Bxf3 28. gxf3 Ne5) 27. c6 $36 {[%emt 0:00:26][%mdl 2048] White has some pressure.} Bxc6 28. Bf4 {[%emt 0:01:26] Hoping for Nd4.} Ne4 $2 {[%emt 0:01:05] [#]} (28... e5 $1 $11 {and Black stays safe.} 29. Bxc6 Rxc6 30. Nxe5 Nxe5 31. Bxe5 Rxc1 32. Nxc1 Rd8) 29. Qa5 $1 $18 e5 30. Nxe5 Bc5 (30... Nxe5 {keeps fighting.} 31. Bxe5 Nxf2) 31. Nxc6 Rxc6 32. Bxc6 ({Stronger than} 32. Qxa4 Bxf2+ 33. Kh1 Ndc5 $15) 32... Qxc6 33. Be3 Qe6 34. Bxc5 (34. Qxa4 $18 Bxe3 35. fxe3) 34... Ndxc5 {[%emt 0:00:33][%mdl 8192] [#]} (34... Nexc5 $16 {is more resistant.} 35. Nc3 (35. Rxc5 Nxc5 36. Nc3 Qc4 $14) 35... Nb3 36. Qxa4 Nb6) 35. Rd8 $1 {[%emt 0:01:24] White is clearly winning.} g6 (35... Qxa2 $2 {is a self mate.} 36. Rxf8+ Kxf8 37. Qd8#) 36. Rxc5 Qxa2 (36... Nxc5 $142 37. Rxf8+ Kxf8 38. Qxc5+ Kg8) 37. Rcc8 (37. Rxf8+ $142 Kxf8 38. Qa8+ Kg7 39. Qxe4 Qxb2 40. Qxa4) 37... Rxd8 38. Rxd8+ Kg7 39. Qe5+ Nf6 40. Rd6 {[%emt 0:00:04] Weighted Error Value: White=0.13 (very precise) /Black=0.40} 1-0

[Event "121st Swiss Championship 2022"]
[Site "Samnaun-Compatsch"]
[Date "2022.07.06"]
[Round "4.2"]
[White "Udipi, Kala Kishan"]
[Black "Gallagher, Joseph G."]
[Result "0-1"]
[ECO "E94"]
[WhiteElo "2057"]
[BlackElo "2447"]
[Annotator "TA"]
[PlyCount "50"]
[EventDate "2022.06.28"]
[EventType "swiss"]
[EventCountry "SUI"]
[SourceTitle "playchess.com"]
[Source "ChessBase"]
[SourceQuality "1"]
[TimeControl "40/5400+30:1800+30"]

1. d4 Nf6 2. c4 g6 3. Nc3 Bg7 4. e4 d6 5. Nf3 O-O 6. Be2 Nbd7 7. O-O e5 8. Be3 Qe7 9. Qc2 c6 {[%emt 0:00:22] E94: King's Indian: Classical: 6 Be2 e5 7 0-0: Various Black 7th moves.} 10. Rab1 {[%emt 0:00:13] [#]} (10. d5 $16) 10... Ng4 $146 ({Predecessor:} 10... exd4 11. Nxd4 Re8 12. f3 Nh5 13. Qd2 f5 14. Rbd1 f4 15. Bf2 Be5 16. b4 Qg7 17. Rc1 {0-1 (36) Duncan,C (2293)-Libiszewski,F (2493) Cagliari 2012}) 11. Bg5 f6 {[%emt 0:02:30] [#] White must now prevent ...exd4. White has an edge.} 12. Bh4 Nh6 13. h3 g5 14. Bg3 f5 $1 15. exf5 exd4 16. Ne4 (16. f6 $5 Bxf6 17. Ne4 $11) 16... Nxf5 17. Nexg5 (17. Rbe1 $11) 17... Ne5 (17... h6 $17 18. Ne4 d5) 18. Bh2 $11 h6 19. Ne4 {[%emt 0:01:44][%mdl 8192] [#] Now White is beyond hope.} (19. Nxe5 $11 dxe5 20. Ne4) 19... d3 $1 $19 20. Bxd3 (20. Qd1 $142 dxe2 21. Qxe2) 20... Nxf3+ {[%emt 0:00:15][%mdl 64] Remove Defender} 21. gxf3 Nd4 {[%emt 0:00:05][%csl LRc2,LRf3,LRh3][%mdl 64] Discovered Attack, Double Attack} 22. Qd1 Nxf3+ 23. Kh1 Nxh2 24. Kxh2 Qh4 25. Rh1 Rxf2+ {[%emt 0:00:15] Weighted Error Value: White=1.22/Black=0.19 (very precise)} 0-1

[Event "121st Swiss Championship 2022"]
[Site "Samnaun-Compatsch"]
[Date "2022.07.06"]
[Round "4.3"]
[White "Gschnitzer, Adrian"]
[Black "Rohrer, Christophe"]
[Result "1/2-1/2"]
[ECO "C54"]
[WhiteElo "2433"]
[BlackElo "2246"]
[Annotator "TA"]
[PlyCount "66"]
[EventDate "2022.06.28"]
[EventType "swiss"]
[EventCountry "SUI"]
[SourceTitle "playchess.com"]
[Source "ChessBase"]
[SourceQuality "1"]
[TimeControl "40/5400+30:1800+30"]

1. e4 e5 2. Nf3 Nc6 3. Bc4 Bc5 4. c3 Nf6 5. d3 d6 6. O-O a6 7. a4 {[%emt 0:00:09] C54: Giuoco Piano: 4 c3 Nf6, main lines with 5 d4 and 5 d3.} Ba7 8. Re1 O-O $1 {[%emt 0:00:26] The main line 8...0-0 scores better than 8...h6.} 9. h3 Ne7 10. d4 Ng6 11. Nbd2 exd4 12. cxd4 d5 13. exd5 Nxd5 14. Ne4 {[%emt 0:00:28] [#]} h6 $146 {[%emt 0:02:45] [#]} (14... c6 $11) ({Predecessor:} 14... c6 15. a5 h6 16. Qb3 Nh4 17. Nc5 Nxf3+ 18. Qxf3 Bxc5 19. dxc5 Be6 20. Bd2 Nf6 {½-½ (60) Alekseenko,K (2710)-Ponkratov,P (2659) Ufa 2021}) 15. Bxd5 {[%emt 0:04:15] White is more active.} ({Only move:} 15. Bxh6 $1 {[%mdl 512] And now Bg5 would win.} Be6 (15... Bf5 16. Bg5) 16. Bg5) 15... Qxd5 $16 {[%emt 0:00:39] [#]} 16. Bxh6 $1 Bf5 (16... Be6 17. Nc3) 17. Nc3 {[%emt 0:01:14] Pair of Knights!} Qd6 18. Bg5 Rae8 19. Qd2 c6 20. Rxe8 Rxe8 21. Re1 Rxe1+ 22. Qxe1 Be6 23. Be3 Bb8 24. Qd1 Bc4 25. g3 Qe7 (25... Qd7 $11) 26. Kh2 Nf8 27. Qc2 f6 28. Nh4 Be6 29. Ng6 {[%emt 0:05:35] The position is equal.} Nxg6 30. Qxg6 Bf7 31. Qg4 {[%emt 0:04:50] aiming for Qc8+.} Be6 {[%emt 0:00:38] Prevents Qc8+.} 32. Qg6 Bf7 33. Qg4 {[%emt 0:00:07] Strongly threatening Qc8+.} Be6 {[%emt 0:00:04] Prevents Qc8+.  Weighted Error Value: White=0.12 (very precise) /Black=0.17 (very precise)} 1/2-1/2

[Event "121st Swiss Championship 2022"]
[Site "Samnaun-Compatsch"]
[Date "2022.07.06"]
[Round "4.4"]
[White "Fecker, Noah"]
[Black "Pogan, Nikolas"]
[Result "1/2-1/2"]
[ECO "B13"]
[WhiteElo "2387"]
[BlackElo "2226"]
[Annotator "TA"]
[PlyCount "69"]
[EventDate "2022.06.28"]
[EventType "swiss"]
[EventCountry "SUI"]
[SourceTitle "playchess.com"]
[Source "ChessBase"]
[SourceQuality "1"]
[TimeControl "40/5400+30:1800+30"]

1. e4 c6 2. d4 d5 3. exd5 cxd5 4. Nf3 Nc6 5. Bb5 Bg4 6. h3 {[%emt 0:01:11] B13: Caro-Kann: Exchange Variation and Panov-Botvinnik Attack.} Bxf3 $1 {[%emt 0:04:02] The main line 6...Bxf3 scores better than 6...Bh5.} 7. Qxf3 a6 8. Bxc6+ bxc6 9. O-O e6 10. Bf4 Nf6 11. Nd2 Bd6 12. c4 O-O {[%emt 0:00:08] [#]} 13. Rfc1 $146 ({Predecessor:} 13. c5 Bc7 14. b4 a5 15. a3 Qb8 16. Bxc7 Qxc7 17. Rab1 Rfb8 18. Rb3 axb4 19. axb4 {0-1 (45) Stojanovic,M (1690)-Scholz,H (1991) Seefeld 2006}) 13... Bxf4 14. Qxf4 Qb8 15. Qxb8 Rfxb8 16. Rc2 Ne8 17. Rac1 a5 18. Kf1 (18. Nf3 $5 ) 18... a4 19. Ke2 g6 20. Kd3 Nd6 21. cxd5 cxd5 22. Rc6 {[%emt 0:02:39] Inhibits Rb6.} Ne8 23. R1c2 Kf8 24. g4 Rb7 25. g5 Rab8 26. b3 (26. Ra6 $11) 26... axb3 $15 27. axb3 Ke7 (27... Kg7 $15) 28. Rc8 $1 $11 {[%emt 0:03:02] The position is equal.} Kd7 29. Rxb8 Rxb8 {[%emt 0:00:03][%mdl 4096] Endgame KRN-KRN} 30. Ra2 Nd6 31. Ra7+ Ke8 32. Ra6 Ke7 33. Ra7+ Ke8 34. Ra6 Ke7 35. Ra7+ {[%emt 0:00:19] Weighted Error Value: White=0.05 (flawless) /Black=0.07 (flawless)} 1/2-1/2

[Event "121st Swiss Championship 2022"]
[Site "Samnaun-Compatsch"]
[Date "2022.07.06"]
[Round "4.5"]
[White "Angst, Oliver"]
[Black "Hakimifard, Ghazal"]
[Result "1/2-1/2"]
[ECO "D00"]
[WhiteElo "2203"]
[BlackElo "2296"]
[Annotator "TA"]
[PlyCount "127"]
[EventDate "2022.06.28"]
[EventType "swiss"]
[EventCountry "SUI"]
[SourceTitle "playchess.com"]
[Source "ChessBase"]
[SourceQuality "1"]
[TimeControl "40/5400+30:1800+30"]

1. d4 Nf6 2. Nc3 d5 3. Bf4 e6 4. Nb5 Na6 5. e3 c6 6. Nc3 {[%emt 0:01:18] D00: 1 d4 d5: Unusual lines.} Be7 7. Nf3 Qa5 {[%emt 0:03:11] [#]} 8. Bd3 $146 {[%emt 0:06:04] White is slightly better.} ({Predecessor:} 8. Nd2 Bb4 9. Ncb1 O-O 10. Bd3 Be7 11. c3 c5 12. O-O Qb6 13. Qc2 Bd7 14. a4 {1-0 (40) Fries Nielsen,J (2373)-Lovik,L (2310) Copenhagen 2013}) 8... c5 9. dxc5 (9. O-O $14) 9... Nxc5 $11 10. O-O O-O 11. a3 {[%emt 0:05:35] [#] Strongly threatening b4.} Nxd3 12. Qxd3 Bd7 13. Ne5 Rfd8 14. Nxd7 Rxd7 15. Ne2 Rc8 16. Be5 Ng4 17. Bc3 Qc7 18. f4 Qc4 19. Rf3 Bf6 20. Rg3 Bxc3 21. Qxc3 Qxc3 22. Nxc3 Nf6 23. Rd1 Rc4 24. Rf3 a6 25. Rf2 g6 26. h3 h5 27. Rfd2 Rdc7 28. Rd4 R4c6 29. R1d2 Kg7 30. Kf2 Rxc3 31. bxc3 Ne4+ 32. Rxe4 dxe4 $15 {[%emt 0:00:04][%mdl 4096] Endgame KR-KR} 33. a4 (33. Rd4 $142) 33... Rxc3 $19 34. Rd4 (34. g4 $142) 34... Rxc2+ 35. Kg3 (35. Kf1 {keeps fighting.}) 35... h4+ 36. Kxh4 Rxg2 37. Rxe4 b5 38. axb5 axb5 39. Rd4 Kh6 {[%emt 0:01:51] ( -> ...f6)} 40. Rd8 b4 {[%emt 0:02:15] Threatens to win with ...b3.} 41. Rh8+ Kg7 42. Rb8 {[%emt 0:00:15] [#]} f6 (42... Rb2 $1 $19 {White must now prevent ...b3.} 43. Kg4 b3) 43. e4 $1 $15 g5+ ({But not} 43... Kh6 $6 44. Rh8+ Kg7 45. Rb8 $17) 44. fxg5 fxg5+ 45. Kh5 Kf6 46. Rb5 Rg3 47. h4 $2 (47. Rxb4 $15 Rxh3+ 48. Kg4) 47... gxh4 $19 48. Kxh4 Re3 $2 (48... Rb3 $19 49. Kh5 Rb1 50. e5+ Kf5) 49. Rxb4 $11 {[%emt 0:00:10] The position is equal.} Ke5 50. Rb6 Rxe4+ 51. Kg3 Ra4 52. Kf3 Ra3+ 53. Ke2 Kf5 54. Rb4 e5 55. Rc4 Ke6 56. Rb4 Kd5 57. Rh4 Ra2+ 58. Ke3 Ra3+ 59. Ke2 e4 60. Rh8 Kd4 61. Rd8+ Ke5 62. Re8+ Kd4 63. Rd8+ Ke5 64. Re8+ {[%emt 0:00:10] Weighted Error Value: White=0.23 (precise) /Black=0.24 (precise)} 1/2-1/2

[Event "121st Swiss Championship 2022"]
[Site "Samnaun-Compatsch"]
[Date "2022.07.06"]
[Round "4.6"]
[White "Georgescu, Lena"]
[Black "Wyss, Jonas"]
[Result "0-1"]
[ECO "C17"]
[WhiteElo "2279"]
[BlackElo "2223"]
[Annotator "TA"]
[PlyCount "84"]
[EventDate "2022.06.28"]
[EventType "swiss"]
[EventCountry "SUI"]
[SourceTitle "playchess.com"]
[Source "ChessBase"]
[SourceQuality "1"]
[TimeControl "40/5400+30:1800+30"]

1. e4 e6 2. d4 d5 3. Nc3 Bb4 4. e5 c5 5. Bd2 Nh6 6. a3 {[%emt 0:00:23] C17: French: 3 Nc3 Bb4 4 e5 c5 sidelines.} Bxc3 7. Bxc3 b6 8. Bb5+ {[%emt 0:01:33] The position is equal.} Bd7 9. Bd3 Nc6 10. Nf3 cxd4 {[%emt 0:01:19] [#]} 11. Bb4 $146 (11. Bxd4 $142 Nxd4 12. Nxd4) ({Predecessor:} 11. Bxd4 Nxd4 12. Nxd4 f6 13. Qe2 fxe5 14. Qxe5 Qf6 15. Qxf6 gxf6 16. c3 e5 17. Nc2 {½-½ (36) Conde Poderoso,A (2367)-Plas,R (2350) ICCF email 2018}) 11... f6 $11 12. O-O (12. exf6 $15 Qxf6 13. O-O) 12... fxe5 $17 13. Bb5 Nxb4 14. Bxd7+ Qxd7 (14... Kxd7 15. axb4 Nf7 16. Re1 $17) 15. Nxe5 (15. axb4 $17 Nf7 16. Re1) 15... Qc7 $1 $19 16. Re1 $2 {[%emt 0:06:05] [#]} (16. Qh5+ Nf7 17. Nxf7 Qxf7 18. Qxf7+ Kxf7 19. axb4) 16... Nc6 ({Stronger than} 16... Nxc2 17. Rc1 Rc8 18. Re2 $15) 17. Qh5+ Kf8 18. Nf3 Qf7 19. Qh3 Re8 20. b4 Qf6 21. Rad1 b5 22. a4 a6 ({Avoid the trap} 22... bxa4 $2 23. b5 Nd8 24. Rxd4 $19) 23. axb5 axb5 24. Ra1 Nf7 25. Ra6 Ncd8 26. Qg3 g6 27. Qb8 Kg7 28. Qxb5 Rhf8 {[%emt 0:00:31] Hoping for ...Ng5.} 29. Ra7 (29. h4 $142) 29... Kg8 30. Qd7 Ng5 31. b5 Nxf3+ 32. gxf3 Qf7 33. b6 Qxd7 34. Rxd7 Rf7 ({Don't blunder} 34... Rxf3 $2 35. b7 Nc6 36. Rd6) 35. Rc7 (35. Rxd5 $142 Rb7 36. Rd6) 35... Nb7 {[%emt 0:02:59] Black is clearly winning.} 36. Rb1 Rxc7 37. bxc7 {[%emt 0:00:02][%mdl 4096] Endgame KRN-KR} Nd6 38. Rb8 {[%emt 0:00:12] [#] Strongly threatening Rxe8+.} Nc8 39. Kf1 Kf7 40. Ke2 Ke7 41. Kd3 Kd7 42. Rb7 Kc6 {[%emt 0:00:16] White did not feel at home in the position after the opening.  Weighted Error Value: White=0.51/Black=0.21 (precise)} 0-1

[Event "121st Swiss Championship 2022"]
[Site "Samnaun-Compatsch"]
[Date "2022.07.06"]
[Round "4.7"]
[White "Pavlovic, Milos"]
[Black "Sedina, Yelena"]
[Result "1-0"]
[ECO "A21"]
[WhiteElo "2461"]
[BlackElo "2215"]
[Annotator "TA"]
[PlyCount "81"]
[EventDate "2022.06.28"]
[EventType "swiss"]
[EventCountry "SUI"]
[SourceTitle "playchess.com"]
[Source "ChessBase"]
[SourceQuality "1"]
[TimeControl "40/5400+30:1800+30"]

1. c4 e5 2. Nc3 Bb4 3. Nd5 Be7 4. d4 d6 5. Nf3 e4 6. Nd2 {[%emt 0:00:09] A21: English Opening: 1...e5 2 Nc3.} f5 7. Nb1 Nf6 8. Nxe7 {[%emt 0:05:02] The position is equal.} Qxe7 9. Nc3 O-O 10. Bg5 c6 {[%emt 0:05:30] Prevents Nd5.} 11. e3 {[%emt 0:00:37] [#]} Na6 $146 ({Predecessor:} 11... h6 12. Bxf6 Rxf6 13. Be2 Nd7 14. O-O Rf8 15. b4 Nf6 16. b5 c5 17. Qd2 Be6 {½-½ (45) Zvjaginsev,V (2599)-Tazbir,M (2508) Warsaw 2021}) 12. Be2 Nc7 13. d5 c5 14. Qd2 Bd7 15. a3 a5 16. b3 h6 17. Bf4 Be8 18. O-O Bh5 19. Rab1 Bxe2 20. Nxe2 Nd7 21. b4 axb4 22. axb4 Na6 23. bxc5 Naxc5 24. Nd4 Ne5 25. Bxe5 Qxe5 26. Nb3 Rfc8 27. Nd4 Ra4 28. Qc2 Rca8 29. g3 Ra3 30. Qd1 R3a4 31. Qe2 Kh7 32. Rb6 Ra2 33. Qh5 {[%emt 0:00:18] [#] Threatens to win with Qf7.} g6 (33... Rf8 $11 {keeps the balance.}) 34. Qh4 $16 Re8 (34... R2a6 $16 35. Rfb1 Rg8) 35. Rfb1 $18 {[%emt 0:00:18] And now Rxb7+ would win.} Ra7 (35... Rg8 {was necessary.} 36. Nb3 Nxb3 37. Rxb7+ (37. R1xb3 Ra7 $16) (37. R6xb3 Ra1 $16) 37... Rg7 38. R1xb3 (38. R7xb3 Ra1 $16) 38... Ra7) 36. Kg2 Rea8 $2 (36... Rf8 {is a better defense.} 37. Nb5 Ra6 38. Nxd6 Rxb6 39. Rxb6 Rf6) 37. Nb5 Ra2 (37... Ra6 $142) 38. Nxd6 {[%emt 0:00:22] Strongly threatening Nf7.} Nd3 39. Rxb7+ {[%emt 0:00:28] White mates.} Kg8 {[%emt 0:00:05] [#]} 40. Qxh6 $1 Rxf2+ 41. Kg1 {[%emt 0:30:36] Weighted Error Value: White=0.07 (flawless) /Black=0.45} 1-0

[Event "121st Swiss Championship 2022"]
[Site "Samnaun-Compatsch"]
[Date "2022.07.06"]
[Round "4.8"]
[White "Lou, Vincent"]
[Black "Buehler, Michael"]
[Result "1/2-1/2"]
[ECO "E36"]
[WhiteElo "2200"]
[BlackElo "2064"]
[Annotator "TA"]
[PlyCount "50"]
[EventDate "2022.06.28"]
[EventType "swiss"]
[EventCountry "SUI"]
[SourceTitle "playchess.com"]
[Source "ChessBase"]
[SourceQuality "1"]
[TimeControl "40/5400+30:1800+30"]

1. d4 Nf6 2. c4 e6 3. Nc3 Bb4 4. Qc2 d5 5. a3 Bxc3+ 6. Qxc3 O-O 7. Nf3 dxc4 8. Qxc4 b6 9. Bg5 {[%emt 0:00:07] E36: Nimzo-Indian: Classical: 4...d5 5 a3.} Ba6 10. Qa4 c5 11. dxc5 {[%emt 0:00:27] Black must now prevent c6. White has an edge.} bxc5 12. Rc1 Qb6 (12... h6 $5 13. Rd1 Qb6 14. Bxf6 gxf6 $11) 13. Bxf6 gxf6 14. Rc2 c4 {[%emt 0:01:36] [#]} 15. Nd2 $146 (15. e3 $11) ({Predecessor:} 15. e3 Bb5 16. Qb4 Nc6 17. Qc3 Qa5 18. Bxc4 Bxc4 19. b4 Qf5 20. Qxc4 Rac8 21. e4 {½-½ (90) Rajlich,I (2441)-Gajek,R (2203) Warsaw 2012}) 15... Nc6 $1 $17 16. Nxc4 Bxc4 17. Qxc4 Nd4 18. Rc3 {[%emt 0:02:55] [#]} ({Don't blunder} 18. Rd2 $2 Rac8 $1 19. Rxd4 Rxc4 20. Rxc4 Qxb2 $19) (18. Rc1 $17 Qxb2 19. Qc3) 18... Qxb2 $1 $19 {[%emt 0:21:00][%cal Of8c8] Threatens to win with ...Rfc8!} 19. e3 {[%emt 0:01:53] [#]} ({But not} 19. Qxd4 $2 Qa1+ 20. Kd2 Rad8 $19) 19... Nf5 ({Black should play} 19... Rac8 $1 $19 20. Qxc8 Nb3) 20. Bd3 $11 {[%emt 0:25:05] The position is equal.} Nd6 21. Qg4+ Kh8 22. Qb4 Qa1+ 23. Ke2 Qxh1 24. Qh4 {[%emt 0:00:06][%csl Gd3][%cal Rh4h7] The board is on fire. Active counter play!} f5 25. Qf6+ Kg8 {[%emt 0:00:09] Weighted Error Value: White=0.22 (precise) /Black=0.19 (very precise)} 1/2-1/2